 Dungeon Crawl Stone Soup version 0.26.1-2-gb8aa6d0cf2 (webtiles) character file.

Game seed: 5526622694320672510

401 Groucho the Covert (level 6, -15/28 HPs)
             Began as a Spriggan Enchanter on Feb 16, 2021.
             Was an Initiate of Kikubaaqudgha.
             Demolished by Pikel
             ... wielding a +1 whip of electrocution
              (19 damage)
             ... on level 5 of the Dungeon.
             The game lasted 00:13:31 (7816 turns).

Groucho the Covert (Spriggan Enchanter)             Turns: 7816, Time: 00:13:32

Health: -15/28     AC:  2    Str:  6    XL:     6   Next: 54%
Magic:  0/13       EV: 19    Int: 16    God:    Kikubaaqudgha [......]
Gold:   215        SH:  0    Dex: 17    Spells: 5/14 levels left

rFire    . . .     SeeInvis +   a - +1 dagger
rCold    . . .     Faith    .   (shield restricted)
rNeg     . . .     Spirit   .   b - +0 robe
rPois    .         Reflect  .   (helmet restricted)
rElec    .         Harm     .   (no cloak)
rCorr    .         Rampage  .   (gloves unavailable)
Will     +....                  (boots unavailable)
Stlth    ++++......             (no amulet)
HPRegen  0.09/turn              (no ring)
MPRegen  0.13/turn              (no ring)

@: confusing touch, very slightly contaminated, very quick
A: very small, unfitting armour, see invisible, speed 3
a: Renounce Religion


You were on level 5 of the Dungeon.
You worshipped Kikubaaqudgha.
Kikubaaqudgha was noncommittal.
You visited 2 branches of the dungeon, and saw 6 of its levels.

You collected 215 gold pieces.

Inventory:

Hand Weapons
 a - a +1 dagger (weapon)
Missiles
 g - 8 boomerangs
 h - 238 stones
 m - 5 poisoned darts (quivered)
Armour
 b - a +0 robe (worn)
Jewellery
 p - a cursed -4 ring of dexterity {unknown}
Scrolls
 c - 3 scrolls of remove curse {unknown}
 d - 2 scrolls of immolation {unknown}
 f - 7 scrolls of identify {unknown}
 l - 2 scrolls of enchant armour {unknown}
 n - a scroll of amnesia {unknown}
 q - a scroll of noise {unknown}
Potions
 e - a potion of mutation {unknown}
 i - 3 potions of curing
 j - 2 potions of ambrosia {unknown}
 k - 3 potions of heal wounds {unknown}
 o - a potion of haste {unknown}


   Skills:
 + Level 2.3 Short Blades
 + Level 4.0 Dodging
 * Level 8.2 Stealth
 + Level 4.5 Spellcasting
 + Level 5.2 Hexes


You had 5 spell levels left.
You knew the following spells:

 Your Spells              Type           Power        Failure   Level
a - Corona                Hex            22%          1%          1
b - Ensorcelled Hibernat  Hex/Ice        22%          9%          2
c - Confusing Touch       Hex            20%          5%          3
d - Tukima's Dance        Hex            20%          5%          3

Your spell library contained the following spells:

 Spells                   Type           Power        Failure   Level
 Dazzling Flash           Conj/Hex       22%          17%         3


Dungeon Overview and Level Annotations

Branches:
Dungeon (5/15)             Temple (1/1) D:4

Altars:
Ashenzari
Cheibriados
Dithmenos
Elyvilon
Fedhas
Gozag
Hepliaklqana
Kikubaaqudgha
Makhleb
Okawaru
Qazlal
Ru
Sif Muna
Trog
Vehumet
Wu Jian
Yredelemnul
Zin
The Shining One

Annotations:
D:5 Pikel


Innate Abilities, Weirdness & Mutations

You are very small and have problems with some larger weapons.
You are too small for most types of armour.
You have supernaturally acute eyesight. (SInv)
You cover ground extremely quickly.


Message History

The spell is quite dangerous to cast (5% risk of failure)!
Continue anyway?
Okay, then.
Unknown command.
There are monsters nearby!
Unknown command.
Unknown command.
Casting: Confusing Touch (quite dangerous; 5% risk of failure)
Confirm with . or Enter, or press ? or * to list all spells.
The spell is quite dangerous to cast (5% risk of failure)!
Continue anyway?
Your hands begin to glow red.
The lemure hits you.
* * * LOW HITPOINT WARNING * * *
The lemure closely misses you. Pikel closely misses you. The lemure misses you.
Unknown command.
It was a potion of curing.
You feel better. The lemure misses you. x2
Pikel hits you with a +1 whip of electrocution.
* * * LOW HITPOINT WARNING * * *
You are electrocuted!!
Ouch! That really hurt!
You die...
Kikubaaqudgha rasps: "You have failed me!
Welcome... death!"

.... ..####
#.#.##....## .
.......#..###..
#......#......
#.....?.......
#.............
.#####..5K.5......<
....[..<@...#
##..##..55...#
#.>.....# #.......#
##.....## ##...##
#####


You could see Pikel and 4 lemures.

Vanquished Creatures
  A phantom (D:4)
  A hound (D:4)
  2 orc wizards (D:4)
  2 iguanas (D:4)
  Terence (D:2)
  6 adders
  An ooze (D:4)
  5 dart slugs
  3 worms
  4 leopard geckos
  7 orcs
  A ball python (D:2)
  2 bats
  5 giant cockroaches
  6 hobgoblins
  6 jackals
  4 kobolds
  A quokka (D:3)
  9 frilled lizards
  9 goblins
  4 rats
80 creatures vanquished.

Notes
Turn   | Place    | Note
-------+----------+-------------------------------------------
     0 | D:1      | Groucho the Spriggan Enchanter began the quest for the Orb.
     0 | D:1      | Reached XP level 1. HP: 9/9 MP: 5/5
   660 | D:1      | Reached skill level 5 in Stealth
   660 | D:1      | Reached XP level 2. HP: 12/13 MP: 6/6
   769 | D:1      | Learned a level 2 spell: Ensorcelled Hibernation
  2097 | D:2      | Reached XP level 3. HP: 16/16 MP: 5/8
  2571 | D:2      | Reached skill level 6 in Stealth
  2769 | D:2      | Reached XP level 4. HP: 16/21 MP: 2/10
  3371 | D:2      | Noticed Terence
  3392 | D:2      | Killed Terence
  4926 | D:3      | Reached XP level 5. HP: 24/24 MP: 4/11
  5242 | D:3      | Found a glowing silver altar of Zin.
  5326 | D:3      | Learned a level 3 spell: Confusing Touch
  5330 | D:3      | Learned a level 3 spell: Tukima's Dance
  5717 | D:4      | Reached skill level 7 in Stealth
  5775 | D:4      | Found a staircase to the Ecumenical Temple.
  5792 | Temple   | Entered the Ecumenical Temple
  6080 | Temple   | Became a worshipper of Kikubaaqudgha
  6341 | D:4      | Noticed a phantom
  6383 | D:4      | Killed a phantom
  6384 | D:4      | Reached skill level 5 in Hexes
  6384 | D:4      | Reached XP level 6. HP: 20/28 MP: 4/13
  7008 | D:4      | Reached skill level 8 in Stealth
  7799 | D:5      | Entered Level 5 of the Dungeon
  7803 | D:5      | Noticed Pikel
  7816 | D:5      | Demolished by Pikel

Illustrated notes

Levels and vault maps discovered:
D:1:      dpeg_arrival_shrine, layout_basic, chequers_serial_rivers_micro_c,
          chequers_mini_garden
D:2:      layout_basic, grunt_ministairs_2, uniq_terence
D:3:      layout_rooms, old_standard_altar, serial_rivers,
          chequers_serial_rivers_large_b, chequers_serial_rivers_large_a,
          chequers_serial_rivers_micro_e, chequers_serial_rivers_micro_d,
          kennysheep_nub, nrook_mini_vaults, hangedman_decor_peaks_small
D:4:      layout_basic, minmay_temple_entry_stoned_glass
D:5:      layout_rooms, chequers_temple_overflow_statue_of_worship,
          amcnicky_mini_pool_medium, uniq_sigmund, uniq_pikel
Temple:   hc_temple_tempest_star

Skill      XL: |  1  2  3  4  5  6 |
---------------+-------------------+-----
Stealth        | 5 6 7 8 |  8.2
Spellcasting   | 3 4 |  4.5
Hexes          | 4 5 |  5.2
Short Blades   | 2 |  2.3
Dodging        | 4 |  4.0

Action                   |  1- 3 |  4- 6 || total
-------------------------+-------+-------++-------
Melee: Dagger            |    89 |   105 ||   194
Throw: Dart              |     2 |    23 ||    25
       Boomerang         |       |     2 ||     2
 Cast: Ensorcelled Hiber |    19 |    37 ||    56
       Corona            |     2 |       ||     2
       Confusing Touch   |       |     5 ||     5
  Use: Potion            |     1 |     1 ||     2
 Stab: Sleeping          |    24 |    31 ||    55
       Distracted        |     1 |       ||     1
       Confused          |       |     6 ||     6
Armor: Robe              |     5 |     6 ||    11
Dodge: Dodged            |    67 |    90 ||   157
